[Event "Queens Festival Final-D 2022"]
[Site "Tornelo"]
[Date "2022.06.25"]
[Round "1.3"]
[White "Vujovic, Vera"]
[Black "Mak, Xiu Ning Charlene"]
[Result "0-1"]
[ECO "B35"]
[WhiteElo "1353"]
[BlackElo "1573"]
[Annotator "NA RC"]
[PlyCount "206"]
[EventDate "2022.06.24"]
[EventType "tourn"]
[EventCountry "NET"]
[SourceTitle "playchess.com"]
[Source "ChessBase"]
[SourceQuality "1"]
[TimeControl "180+2"]

1. e4 c5 2. Nf3 Nc6 3. d4 cxd4 4. Nxd4 g6 5. Be3 Bg7 6. Nc3 Nf6 7. Bc4 Qa5 8. f3 Qb4 9. Bb3 Nxe4 10. a3 Nxc3 11. Qd2 Qd6 12. bxc3 a6 13. Bf4 Qc5 14. Be3 Qe5 15. O-O O-O 16. Rfe1 Qa5 17. Nxc6 bxc6 18. Bd4 Bxd4+ 19. Qxd4 Qd8 20. Rad1 d5 21. c4 e6 22. cxd5 cxd5 23. c4 Bb7 24. cxd5 exd5 25. Bxd5 Bxd5 26. Qxd5 Qb6+ 27. Kh1 Rad8 28. Qe4 Rxd1 29. Rxd1 Qb3 30. Ra1 Rc8 31. h3 Rd8 32. Qe2 Qc3 33. Ra2 Qc1+ 34. Kh2 Qc7+ 35. g3 Qc6 36. Rc2 Qa4 37. Ra2 Qb3 38. Ra1 a5 39. h4 Qc3 40. Ra2 Rd3 41. Kg2 Rd8 42. Qc2 Qd4 43. Qf2 Qd3 44. Qe2 Qc3 45. Qb2 Qd4 46. Qxd4 Rxd4 47. Kf2 Kf8 48. Ke3 Rd7 49. Rb2 Ke7 50. Rb5 Ra7 51. Kd4 Kd6 52. Rb6+ Kc7 53. Rf6 Kd8 54. Kc5 Ke7 55. Rc6 Rd7 56. Kc4 Rd1 57. Ra6 Rf1 58. f4 Rf3 59. Rxa5 Rxg3 60. Kd4 Kf6 61. Ke4 Rb3 62. a4 Ra3 63. Ra6+ Ke7 64. a5 Ra4+ 65. Kf3 h6 66. Kg4 Kf8 67. Ra7 Kg7 68. a6 Ra5 69. Kf3 h5 70. Ke4 Kf6 71. Kd4 Ra4+ 72. Ke3 Ra3+ 73. Ke4 Ke6 74. Ra8 Ra4+ 75. Ke3 Kf5 76. Ra7 f6 77. Ra8 Rxf4 78. Rc8 Ra4 79. Rc5+ Kg4 80. Rc6 g5 81. hxg5 fxg5 82. Kf2 Ra2+ 83. Kg1 h4 84. Rc4+ Kg3 85. Rc3+ Kf4 86. Rc4+ Kf3 87. Rc3+ Kg4 88. Rc4+ Kh5 89. Rc5 Rxa6 90. Rb5 Ra2 91. Rb4 h3 92. Rb8 Kg4 93. Rb4+ Kg3 94. Rb3+ Kh4 95. Rb5 g4 96. Rb4 Ra3 97. Rc4 Kg3 98. Rc1 h2+ 99. Kh1 Kh3 100. Rd1 g3 101. Rg1 g2+ 102. Rxg2 Ra1+ 103. Rg1 Rxg1# 0-1

[Event "Queens Festival Final-D 2022"]
[Site "Tornelo"]
[Date "2022.06.25"]
[Round "1.4"]
[White "Jiang, Tianyu"]
[Black "Shah, Riya"]
[Result "1-0"]
[ECO "B06"]
[WhiteElo "1502"]
[BlackElo "1559"]
[Annotator "NA RC"]
[PlyCount "53"]
[EventDate "2022.06.24"]
[EventType "tourn"]
[EventCountry "NET"]
[SourceTitle "playchess.com"]
[Source "ChessBase"]
[SourceQuality "1"]
[TimeControl "180+2"]

1. Nc3 g6 2. e4 Bg7 3. d4 c5 4. Be3 Qb6 5. Nd5 Qd8 6. c3 e6 7. Nf4 cxd4 8. cxd4 Ne7 9. Nf3 O-O 10. Bd3 d5 11. e5 f6 12. exf6 Rxf6 13. O-O Nbc6 14. Ne2 Nf5 15. Bg5 a6 16. Bxf6 Bxf6 17. Qd2 Bd7 18. Rfe1 Qc7 19. Bxf5 exf5 20. Qf4 Qd8 21. Nc3 Nb4 22. Rad1 Rc8 23. a3 Nc6 24. Nxd5 Bg7 25. Nc3 Qf6 26. d5 Nd8 27. Ne5 1-0

[Event "Queens Festival Final-D 2022"]
[Site "Tornelo"]
[Date "2022.06.25"]
[Round "1.5"]
[White "Amulya Guruprasad"]
[Black "Rozas Lazcano, Valeska"]
[Result "1/2-1/2"]
[ECO "B41"]
[WhiteElo "1251"]
[BlackElo "1551"]
[Annotator "NA RC"]
[PlyCount "139"]
[EventDate "2022.06.24"]
[EventType "tourn"]
[EventCountry "NET"]
[SourceTitle "playchess.com"]
[Source "ChessBase"]
[SourceQuality "1"]
[TimeControl "180+2"]

1. e4 c5 2. Nf3 e6 3. d4 cxd4 4. Nxd4 a6 5. c4 Be7 6. Nc3 Qc7 7. Bd3 b6 8. O-O Bb7 9. f4 d6 10. Kh1 Nf6 11. Be3 g6 12. Rc1 Nbd7 13. f5 gxf5 14. exf5 e5 15. Nf3 Rg8 16. Nd5 Nxd5 17. cxd5 Qd8 18. Bc4 Nf6 19. Bb3 b5 20. a4 Rc8 21. axb5 axb5 22. Qd3 Qd7 23. Nd2 Bd8 24. Ne4 Nxe4 25. Qxe4 f6 26. Qh4 Qg7 27. Qh5+ Ke7 28. Qe2 Qg4 29. Qf2 Qe4 30. Rc5 dxc5 31. Bxc5+ Ke8 32. Be3 Qg4 33. Rd1 Qg7 34. g3 Qd7 35. Kg1 b4 36. Bc5 h5 37. Bxb4 h4 38. d6 hxg3 39. hxg3 Rc6 40. Bxg8 Bb6 41. Kg2 Bxf2 42. Kxf2 Rc2+ 43. Ke1 Qb5 44. d7+ Qxd7 45. Rxd7 Kxd7 46. Be6+ Ke8 47. b3 Be4 48. Kd1 Rg2 49. Bd6 Rxg3 50. b4 Rf3 51. b5 Bxf5 52. Bxf5 Rxf5 53. b6 Rf3 54. b7 Rb3 55. b8=Q+ Rxb8 56. Bxb8 Kd7 57. Ke2 e4 58. Bf4 Ke6 59. Ke3 f5 60. Bh2 Kf6 61. Kf4 Ke6 62. Bg1 Kf6 63. Bd4+ Kg6 64. Be5 Kf7 65. Kxf5 e3 66. Bc3 e2 67. Be1 Ke7 68. Kf4 Kd6 69. Ke3 Kd5 70. Kxe2 1/2-1/2

[Event "Queens Festival Final-D 2022"]
[Site "Tornelo"]
[Date "2022.06.25"]
[Round "1.6"]
[White "Bakhshizada, Asnad"]
[Black "Rajaram, Anika"]
[Result "1-0"]
[ECO "D37"]
[WhiteElo "1052"]
[BlackElo "1499"]
[Annotator "NA RC"]
[PlyCount "77"]
[EventDate "2022.06.24"]
[EventType "tourn"]
[EventCountry "NET"]
[SourceTitle "playchess.com"]
[Source "ChessBase"]
[SourceQuality "1"]
[TimeControl "180+2"]

1. d4 d5 2. c4 e6 3. Nc3 Be7 4. Nf3 Nf6 5. Bf4 O-O 6. e3 c5 7. cxd5 Nxd5 8. Nxd5 Qxd5 9. dxc5 Qxc5 10. Be2 Qb4+ 11. Qd2 Qxd2+ 12. Nxd2 Nc6 13. O-O e5 14. Bg3 Be6 15. Bc4 Bxc4 16. Nxc4 f6 17. Rad1 Rfd8 18. a3 b5 19. Nd2 a6 20. Nb3 Rac8 21. h3 Kf7 22. Rc1 Rd3 23. Na5 Rd6 24. Nb3 Rcd8 25. Nc5 Rd2 26. Ne4 Rxb2 27. Rxc6 Bxa3 28. Rxa6 Be7 29. Rb6 b4 30. Rc1 Rd7 31. h4 h6 32. Rb8 f5 33. Bxe5 fxe4 34. Bxb2 Rd2 35. Bd4 Ra2 36. Rb7 Ra4 37. Rb1 Ra2 38. Bc5 Kf6 39. Bxe7+ 1-0

[Event "Queens Festival Final-D 2022"]
[Site "Tornelo"]
[Date "2022.06.25"]
[Round "2.2"]
[White "Rozas Lazcano, Valeska"]
[Black "Bakhshizada, Asnad"]
[Result "1-0"]
[ECO "C02"]
[WhiteElo "1551"]
[BlackElo "1052"]
[Annotator "NA RC"]
[PlyCount "91"]
[EventDate "2022.06.24"]
[EventType "tourn"]
[EventCountry "NET"]
[SourceTitle "playchess.com"]
[Source "ChessBase"]
[SourceQuality "1"]
[TimeControl "180+2"]

1. e4 e6 2. d4 d5 3. e5 c5 4. c3 Nc6 5. Nf3 Qb6 6. a3 cxd4 7. cxd4 Nge7 8. b4 Nf5 9. Be3 Nxe3 10. fxe3 Be7 11. Bd3 Bd7 12. O-O a5 13. b5 Nd8 14. a4 f6 15. exf6 Bxf6 16. Nc3 Nf7 17. Rc1 Nd6 18. Qe2 O-O 19. Nd2 Rac8 20. Nb3 Qd8 21. Nc5 b6 22. Nxd7 Qxd7 23. Na2 Ne4 24. Bxe4 dxe4 25. Nc3 Rfe8 26. Nxe4 Rxc1 27. Rxc1 Rf8 28. Qc4 Qf7 29. Rf1 Qe7 30. Qc6 Rb8 31. Qd6 Qxd6 32. Nxd6 Rd8 33. Ne4 Be7 34. Rc1 Rd7 35. Rc6 Bd8 36. Rxe6 Kf7 37. Re5 Rc7 38. Rf5+ Ke6 39. Rf1 Bh4 40. g3 Be7 41. Kg2 Bb4 42. Nf2 Be7 43. e4 Rc4 44. Rd1 Rxa4 45. Ng4 Rb4 46. d5+ 1-0

[Event "Queens Festival Final-D 2022"]
[Site "Tornelo"]
[Date "2022.06.25"]
[Round "2.4"]
[White "Mak, Xiu Ning Charlene"]
[Black "Jiang, Tianyu"]
[Result "1-0"]
[ECO "B44"]
[WhiteElo "1573"]
[BlackElo "1502"]
[Annotator "NA RC"]
[PlyCount "129"]
[EventDate "2022.06.24"]
[EventType "tourn"]
[EventCountry "NET"]
[SourceTitle "playchess.com"]
[Source "ChessBase"]
[SourceQuality "1"]
[TimeControl "180+2"]

1. e4 c5 2. Nf3 e6 3. d4 cxd4 4. Nxd4 Nc6 5. Nxc6 bxc6 6. Bd3 d5 7. O-O Qc7 8. c4 Nf6 9. Nc3 Bb4 10. cxd5 Bxc3 11. bxc3 cxd5 12. exd5 Nxd5 13. c4 Nf6 14. Ba3 Bb7 15. Rb1 h5 16. Qa4+ Bc6 17. Qb4 Ng4 18. Qd6 Qxd6 19. Bxd6 Rd8 20. c5 Nf6 21. Bb5 Bxb5 22. Rxb5 Ne4 23. Be5 O-O 24. f3 Nf6 25. Bd6 Rfe8 26. Rb7 Ra8 27. c6 Rec8 28. Rc1 Ne8 29. Be7 Nc7 30. Bd6 Ne8 31. Bf4 f6 32. Be3 a6 33. Bb6 Nd6 34. Rd7 Nf7 35. Re7 e5 36. a4 Kf8 37. Rd7 Ke8 38. a5 Kf8 39. Bc5+ Kg8 40. Be7 Rab8 41. c7 Ra8 42. Bd8 Kf8 43. Rcd1 Ke8 44. Re7+ Kf8 45. Rdd7 Nxd8 46. cxd8=Q+ Rxd8 47. Rxg7 Rab8 48. Rdf7+ Ke8 49. Rxf6 Rb1+ 50. Kf2 Rd2+ 51. Ke3 Rd4 52. Rh6 Rb3+ 53. Kf2 Kf8 54. Rc7 Rb2+ 55. Kg3 h4+ 56. Kh3 Kg8 57. Rxa6 Rd8 58. Re6 Rb5 59. a6 Ra5 60. a7 Ra8 61. Ree7 Ra4 62. Rb7 Kf8 63. Rec7 Ke8 64. Rb8+ Rxb8 65. axb8=Q# 1-0

[Event "Queens Festival Final-D 2022"]
[Site "Tornelo"]
[Date "2022.06.25"]
[Round "2.6"]
[White "Shriyan santosh Priyasha"]
[Black "Aydogan, Arya"]
[Result "1-0"]
[ECO "D26"]
[WhiteElo "1597"]
[BlackElo "1409"]
[Annotator "NA RC"]
[PlyCount "81"]
[EventDate "2022.06.24"]
[EventType "tourn"]
[EventCountry "NET"]
[SourceTitle "playchess.com"]
[Source "ChessBase"]
[SourceQuality "1"]
[TimeControl "180+2"]

1. d4 d5 2. c4 e6 3. Nf3 a6 4. e3 dxc4 5. Bxc4 b5 6. Bb3 Nf6 7. O-O Bb7 8. Nc3 Bd6 9. a3 Nbd7 10. Re1 c5 11. e4 b4 12. axb4 cxb4 13. e5 bxc3 14. exf6 Qxf6 15. bxc3 O-O 16. d5 exd5 17. Bxd5 Bxd5 18. Qxd5 Nb6 19. Qd1 Rfd8 20. Bd2 Bf4 21. Qc1 Bxd2 22. Nxd2 Nd5 23. Ne4 Qc6 24. c4 Nf6 25. Nxf6+ Qxf6 26. Rb1 Rab8 27. Ra1 Qc6 28. h3 Rbc8 29. Re7 Qxc4 30. Qxc4 Rxc4 31. Rxa6 h6 32. Raa7 Rf8 33. Kh2 Rf4 34. Kg3 Rf6 35. Reb7 g6 36. Rc7 Kg7 37. Rd7 Rc8 38. f3 Rc2 39. Rdb7 Rd2 40. Rd7 h5 41. Rxd2 1-0

[Event "Queens Festival Final-D 2022"]
[Site "Tornelo"]
[Date "2022.06.25"]
[Round "3.2"]
[White "Vujovic, Vera"]
[Black "Shriyan santosh Priyasha"]
[Result "1-0"]
[ECO "E90"]
[WhiteElo "1353"]
[BlackElo "1597"]
[Annotator "NA RC"]
[PlyCount "89"]
[EventDate "2022.06.24"]
[EventType "tourn"]
[EventCountry "NET"]
[SourceTitle "playchess.com"]
[Source "ChessBase"]
[SourceQuality "1"]
[TimeControl "180+2"]

1. e4 g6 2. d4 Bg7 3. c4 d6 4. Nc3 Nd7 5. Nf3 e5 6. d5 Ngf6 7. Bd3 O-O 8. O-O h6 9. Be3 Re8 10. h3 Kh7 11. a3 c5 12. b4 a6 13. bxc5 Nxc5 14. Bxc5 dxc5 15. Na4 Qd6 16. Rb1 Qc7 17. Nb6 Rb8 18. Bc2 Nd7 19. Ba4 Rf8 20. d6 Qd8 21. Bxd7 Bxd7 22. Qd5 Bc6 23. Qd3 f5 24. Nd2 f4 25. f3 Rf6 26. d7 Rf7 27. Qd6 Bxd7 28. Qxc5 Bc6 29. Rfd1 Qe8 30. Nb3 Rd8 31. Na5 Rxd1+ 32. Rxd1 Re7 33. Nxc6 bxc6 34. Rd6 g5 35. Rxc6 Rb7 36. Qd6 Qb8 37. Qg6+ Kh8 38. c5 a5 39. Rc8+ Qxc8 40. Nxc8 Rb1+ 41. Kh2 Rc1 42. Nd6 Rxc5 43. Nf7+ Kg8 44. Nxh6+ Kf8 45. Qf7# 1-0

[Event "Queens Festival Final-D 2022"]
[Site "Tornelo"]
[Date "2022.06.25"]
[Round "3.4"]
[White "Amulya Guruprasad"]
[Black "Mak, Xiu Ning Charlene"]
[Result "0-1"]
[ECO "A45"]
[WhiteElo "1251"]
[BlackElo "1573"]
[Annotator "NA RC"]
[PlyCount "144"]
[EventDate "2022.06.24"]
[EventType "tourn"]
[EventCountry "NET"]
[SourceTitle "playchess.com"]
[Source "ChessBase"]
[SourceQuality "1"]
[TimeControl "180+2"]

1. d4 Nf6 2. Bf4 g6 3. e3 Bg7 4. c3 d5 5. Nd2 O-O 6. h3 c5 7. Be2 Nbd7 8. Ngf3 Re8 9. O-O b6 10. Ne5 Bb7 11. Ndf3 Ne4 12. Qc2 Rc8 13. Nxd7 Qxd7 14. Ne5 Qd8 15. f3 Nd6 16. Kh1 f6 17. Ng4 Qd7 18. Bh6 Nf5 19. Bxg7 Kxg7 20. Kg1 h5 21. e4 Ng3 22. Nxf6 exf6 23. Rf2 dxe4 24. fxe4 Bxe4 25. Qd2 Bf5 26. Bf3 Be4 27. Qf4 Qc7 28. Bxe4 Qxf4 29. Rxf4 Nxe4 30. Raf1 cxd4 31. cxd4 Rcd8 32. Rd1 f5 33. d5 Rd6 34. Kf1 Red8 35. g4 Rxd5 36. Rxd5 Rxd5 37. gxh5 Ng3+ 38. Ke1 Nxh5 39. Ra4 a5 40. Rc4 Rd6 41. Rc7+ Kf6 42. h4 Nf4 43. Rc2 Nd3+ 44. Ke2 Nb4 45. Rc4 Nxa2 46. Ke3 Nb4 47. Kf3 Nd5 48. b3 Re6 49. Kf2 Nb4 50. Kf3 Nc6 51. Kf2 Ne5 52. Rd4 Rc6 53. Rd2 Ng4+ 54. Ke2 f4 55. Kf3 Kf5 56. Rd5+ Ne5+ 57. Ke2 Ke4 58. Rd2 f3+ 59. Kf2 Nd3+ 60. Kg3 Ke3 61. Rd1 f2 62. Kg2 Ke2 63. Rf1 Rc1 64. Rxc1 Nxc1 65. h5 gxh5 66. b4 f1=Q+ 67. Kg3 axb4 68. Kh4 Qg2 69. Kxh5 Qg7 70. Kh4 Kf3 71. Kh5 Kf4 72. Kh4 Qh7# 0-1

[Event "Queens Festival Final-D 2022"]
[Site "Tornelo"]
[Date "2022.06.25"]
[Round "3.5"]
[White "Bakhshizada, Asnad"]
[Black "Shah, Riya"]
[Result "0-1"]
[ECO "A43"]
[WhiteElo "1052"]
[BlackElo "1559"]
[Annotator "NA RC"]
[PlyCount "88"]
[EventDate "2022.06.24"]
[EventType "tourn"]
[EventCountry "NET"]
[SourceTitle "playchess.com"]
[Source "ChessBase"]
[SourceQuality "1"]
[TimeControl "180+2"]

1. d4 g6 2. c4 Bg7 3. Nc3 c5 4. d5 d6 5. Bd2 f5 6. e3 e6 7. g3 Nf6 8. dxe6 Bxe6 9. Bg2 Nc6 10. Qa4 Qc7 11. Nb5 Qd7 12. Ne2 O-O 13. O-O a6 14. Nbc3 Rab8 15. h3 Ne5 16. Qxd7 Nfxd7 17. b3 b5 18. Rab1 bxc4 19. bxc4 Nxc4 20. Be1 Rxb1 21. Nxb1 Rb8 22. Nbc3 Nde5 23. Nf4 Bf7 24. Nfd5 Kf8 25. Nf4 g5 26. Nfd5 Nd3 27. Bf3 Nce5 28. Bg2 Nc4 29. Bf3 Nxe1 30. Rxe1 Bxd5 31. Nxd5 Nd2 32. Bg2 Rb2 33. Nc7 Kf7 34. Rd1 Ne4 35. Bxe4 fxe4 36. Nxa6 Rxa2 37. Nc7 Be5 38. Nb5 Rb2 39. Nxd6+ Bxd6 40. Rxd6 c4 41. Rc6 Rc2 42. Kf1 c3 43. Ke1 h5 44. h4 g4 0-1

[Event "Queens Festival Final-D 2022"]
[Site "Tornelo"]
[Date "2022.06.25"]
[Round "3.6"]
[White "Rajaram, Anika"]
[Black "Rozas Lazcano, Valeska"]
[Result "1/2-1/2"]
[ECO "E62"]
[WhiteElo "1499"]
[BlackElo "1551"]
[Annotator "NA RC"]
[PlyCount "80"]
[EventDate "2022.06.24"]
[EventType "tourn"]
[EventCountry "NET"]
[SourceTitle "playchess.com"]
[Source "ChessBase"]
[SourceQuality "1"]
[TimeControl "180+2"]

1. d4 Nf6 2. c4 g6 3. g3 Bg7 4. Bg2 d6 5. Nc3 Nc6 6. Nf3 O-O 7. O-O e5 8. d5 Ne7 9. e4 Ne8 10. Ne1 f5 11. f4 exf4 12. Bxf4 fxe4 13. Bxe4 Bh3 14. Ng2 Nf6 15. Bc2 Nh5 16. Qd2 Nxf4 17. Rxf4 Bxg2 18. Kxg2 Qd7 19. Raf1 Rxf4 20. Qxf4 Rf8 21. Qd2 Nf5 22. Bxf5 Rxf5 23. Rxf5 Qxf5 24. a3 a6 25. Qe3 Qe5 26. Qxe5 Bxe5 27. Nd1 Kf7 28. Kf3 Kf6 29. Ke4 Kg5 30. Kf3 Bd4 31. b3 h5 32. h3 Kf5 33. Ne3+ Bxe3 34. Kxe3 g5 35. Kf3 Ke5 36. Ke3 a5 37. Kd3 Kf5 38. Ke3 Ke5 39. Kd3 Kf5 40. Ke3 Ke5 1/2-1/2

[Event "Queens Festival Final-D 2022"]
[Site "Tornelo"]
[Date "2022.06.25"]
[Round "4.2"]
[White "Shah, Riya"]
[Black "Rajaram, Anika"]
[Result "0-1"]
[ECO "D00"]
[WhiteElo "1559"]
[BlackElo "1499"]
[Annotator "NA RC"]
[PlyCount "72"]
[EventDate "2022.06.24"]
[EventType "tourn"]
[EventCountry "NET"]
[SourceTitle "playchess.com"]
[Source "ChessBase"]
[SourceQuality "1"]
[TimeControl "180+2"]

1. d4 d5 2. e3 Nf6 3. Bd3 c5 4. c3 Nc6 5. f4 Bg4 6. Nf3 e6 7. O-O Be7 8. Qe1 O-O 9. Ne5 Bf5 10. Bxf5 exf5 11. Nd2 Ne4 12. Ndf3 cxd4 13. cxd4 Nb4 14. Qe2 Rc8 15. Ne1 Nc6 16. Bd2 f6 17. N5d3 Re8 18. Rc1 Qd7 19. Nc5 Nxc5 20. dxc5 d4 21. exd4 Nxd4 22. Qc4+ Ne6 23. Bc3 Bxc5+ 24. Kh1 Be3 25. Qb3 Bxc1 26. Nf3 Bxf4 27. Rd1 Qf7 28. Qb5 Rcd8 29. Re1 a6 30. Qb4 Bd6 31. Qb6 Bc5 32. Qb3 Ng5 33. Nxg5 Qxb3 34. axb3 Rxe1+ 35. Bxe1 fxg5 36. Bc3 Rd1+ 0-1

[Event "Queens Festival Final-D 2022"]
[Site "Tornelo"]
[Date "2022.06.25"]
[Round "4.3"]
[White "Mak, Xiu Ning Charlene"]
[Black "Bakhshizada, Asnad"]
[Result "0-1"]
[ECO "C00"]
[WhiteElo "1573"]
[BlackElo "1052"]
[Annotator "NA RC"]
[PlyCount "72"]
[EventDate "2022.06.24"]
[EventType "tourn"]
[EventCountry "NET"]
[SourceTitle "playchess.com"]
[Source "ChessBase"]
[SourceQuality "1"]
[TimeControl "180+2"]

1. e4 e6 2. d3 d5 3. Nd2 Nf6 4. Ngf3 dxe4 5. dxe4 Bc5 6. Bd3 O-O 7. O-O Nc6 8. e5 Nd7 9. Ne4 Be7 10. Bf4 Nc5 11. Nxc5 Bxc5 12. Bg5 Qd5 13. Qe2 Nd4 14. Nxd4 Bxd4 15. Bf4 Bxb2 16. c4 Qd4 17. Rab1 Qxf4 18. Rxb2 Rb8 19. Rfb1 c5 20. Be4 b6 21. g3 Qg5 22. f4 Qh6 23. Qg2 Ba6 24. Rc2 f5 25. exf6 Qxf6 26. Qe2 Rbe8 27. Kh1 e5 28. Bd5+ Kh8 29. fxe5 Qxe5 30. Qg2 Qf5 31. Rd1 Bc8 32. Re2 Rxe2 33. Qxe2 Qg4 34. Qe7 Qxd1+ 35. Kg2 Qd2+ 36. Kg1 Qf2+ 0-1

[Event "Queens Festival Final-D 2022"]
[Site "Tornelo"]
[Date "2022.06.25"]
[Round "4.5"]
[White "Shriyan santosh Priyasha"]
[Black "Jiang, Tianyu"]
[Result "0-1"]
[ECO "E05"]
[WhiteElo "1597"]
[BlackElo "1502"]
[Annotator "NA RC"]
[PlyCount "56"]
[EventDate "2022.06.24"]
[EventType "tourn"]
[EventCountry "NET"]
[SourceTitle "playchess.com"]
[Source "ChessBase"]
[SourceQuality "1"]
[TimeControl "180+2"]

1. c4 e6 2. g3 d5 3. Bg2 Nf6 4. d4 Be7 5. Nf3 O-O 6. O-O dxc4 7. Ne5 Nc6 8. Nxc6 bxc6 9. Bxc6 Rb8 10. Bg2 Bb7 11. Nc3 Bxg2 12. Kxg2 Qd7 13. e3 c5 14. dxc5 Qc6+ 15. Kg1 Bxc5 16. Qe2 Be7 17. e4 e5 18. Re1 Bc5 19. h3 Qe6 20. Kg2 Rfd8 21. Bg5 Bd4 22. Rac1 h6 23. Bd2 Rxb2 24. Red1 Qc6 25. f3 Qd7 26. Qxc4 Bxc3 27. Qxc3 Rxd2+ 28. Rxd2 Qxd2+ 0-1

[Event "Queens Festival Final-D 2022"]
[Site "Tornelo"]
[Date "2022.06.25"]
[Round "4.6"]
[White "Aydogan, Arya"]
[Black "Vujovic, Vera"]
[Result "1-0"]
[ECO "B52"]
[WhiteElo "1409"]
[BlackElo "1353"]
[Annotator "NA RC"]
[PlyCount "75"]
[EventDate "2022.06.24"]
[EventType "tourn"]
[EventCountry "NET"]
[SourceTitle "playchess.com"]
[Source "ChessBase"]
[SourceQuality "1"]
[TimeControl "180+2"]

1. e4 c5 2. Nf3 d6 3. Bb5+ Bd7 4. Bxd7+ Qxd7 5. O-O Nc6 6. Re1 Nf6 7. c3 e5 8. d4 cxd4 9. cxd4 exd4 10. Nxd4 Nxd4 11. Qxd4 Be7 12. e5 dxe5 13. Qxe5 Rd8 14. Nc3 O-O 15. Bg5 Rde8 16. Rad1 Qc6 17. Qd4 Bc5 18. Qf4 Nd5 19. Nxd5 Qxd5 20. h3 Rxe1+ 21. Rxe1 Qxa2 22. Qc7 Bb6 23. Qxb7 Qxb2 24. Be3 Bxe3 25. Qxb2 Bb6 26. Rd1 Rb8 27. Qe2 h6 28. Kh1 a5 29. Qa6 Bc7 30. g3 Kh7 31. Kg2 g6 32. Rd7 Be5 33. Rxf7+ Bg7 34. Rxg7+ Kxg7 35. Qa7+ Kf6 36. Qxb8 a4 37. Qa7 a3 38. Qxa3 1-0

[Event "Queens Festival Final-D 2022"]
[Site "Tornelo"]
[Date "2022.06.25"]
[Round "5.2"]
[White "Jiang, Tianyu"]
[Black "Aydogan, Arya"]
[Result "1-0"]
[ECO "A00"]
[WhiteElo "1502"]
[BlackElo "1409"]
[Annotator "NA RC"]
[PlyCount "103"]
[EventDate "2022.06.24"]
[EventType "tourn"]
[EventCountry "NET"]
[SourceTitle "playchess.com"]
[Source "ChessBase"]
[SourceQuality "1"]
[TimeControl "180+2"]

1. Nc3 d5 2. e4 dxe4 3. Nxe4 Nf6 4. Nxf6+ exf6 5. d4 Bd6 6. Nf3 O-O 7. Be2 b6 8. O-O Bb7 9. Nh4 g6 10. Bf3 Bxf3 11. Qxf3 Nd7 12. Qg4 Kh8 13. Bh6 Re8 14. Rfe1 Bf8 15. Bd2 f5 16. Qh3 Be7 17. Nf3 Bf6 18. Bf4 Nf8 19. Rxe8 Qxe8 20. Re1 Qd7 21. Ne5 Qxd4 22. Qf3 Rc8 23. Nxf7+ Kg7 24. c3 Qd7 25. Ne5 Qe7 26. Nd3 Qd7 27. h3 c5 28. Ne5 Qe6 29. Re2 Qxa2 30. Qb7+ Kg8 31. Qxc8 Qb1+ 32. Kh2 Qf1 33. Qa6 Ne6 34. Qc4 Kg7 35. Qxe6 Qxe2 36. Qf7+ Kh8 37. Qxf6+ Kg8 38. Qd8+ Kg7 39. Qd7+ Kh8 40. Nf7+ Kg7 41. Be5+ Kf8 42. Bd6+ Kg7 43. Ne5+ Kh6 44. Bf8+ Kg5 45. Qe7+ Kf4 46. Bh6+ Ke4 47. Nxg6+ Kd3 48. Nf4+ Kd2 49. Qxe2+ Kc1 50. Nd3+ Kb1 51. b4 cxb4 52. Qb2# 1-0

[Event "Queens Festival Final-D 2022"]
[Site "Tornelo"]
[Date "2022.06.25"]
[Round "5.3"]
[White "Amulya Guruprasad"]
[Black "Shriyan santosh Priyasha"]
[Result "1-0"]
[ECO "A42"]
[WhiteElo "1251"]
[BlackElo "1597"]
[Annotator "NA RC"]
[PlyCount "97"]
[EventDate "2022.06.24"]
[EventType "tourn"]
[EventCountry "NET"]
[SourceTitle "playchess.com"]
[Source "ChessBase"]
[SourceQuality "1"]
[TimeControl "180+2"]

1. e4 g6 2. d4 Bg7 3. c4 d6 4. Nc3 c6 5. Be3 Nd7 6. Rc1 Ngf6 7. Bd3 O-O 8. Nf3 e5 9. d5 Qc7 10. h3 Re8 11. O-O Qd8 12. Qd2 Qe7 13. Bh6 Bh8 14. Be3 Bg7 15. Nh2 Nc5 16. Bxc5 dxc5 17. dxc6 bxc6 18. Qe3 Rd8 19. Na4 Nd7 20. Rcd1 Ba6 21. Be2 Bf8 22. Ng4 Nb6 23. Nxb6 axb6 24. Kh1 h5 25. Nh2 b5 26. cxb5 cxb5 27. Nf3 b4 28. Rxd8 Qxd8 29. Nxe5 Bxe2 30. Qxe2 Rxa2 31. Qc4 Ra7 32. Nc6 Qc7 33. Nxa7 Qxa7 34. b3 Qa2 35. e5 Kg7 36. f4 Qd2 37. f5 g5 38. f6+ Kg6 39. Qe4+ Kh6 40. e6 fxe6 41. Qxe6 Qd3 42. f7+ Kg7 43. Qf6+ Kh7 44. Rf3 Qd1+ 45. Kh2 Bd6+ 46. g3 Qd2+ 47. Rf2 Qc3 48. Qxd6 Qe1 49. f8=Q 1-0

[Event "Queens Festival Final-D 2022"]
[Site "Tornelo"]
[Date "2022.06.25"]
[Round "5.5"]
[White "Rajaram, Anika"]
[Black "Mak, Xiu Ning Charlene"]
[Result "0-1"]
[ECO "E62"]
[WhiteElo "1499"]
[BlackElo "1573"]
[Annotator "NA RC"]
[PlyCount "90"]
[EventDate "2022.06.24"]
[EventType "tourn"]
[EventCountry "NET"]
[SourceTitle "playchess.com"]
[Source "ChessBase"]
[SourceQuality "1"]
[TimeControl "180+2"]

1. d4 Nf6 2. c4 g6 3. g3 Bg7 4. Bg2 d6 5. Nc3 O-O 6. Nf3 c6 7. O-O Qa5 8. e4 Bg4 9. h3 Bxf3 10. Bxf3 Nfd7 11. Be3 Qb4 12. Qe2 Nb6 13. c5 dxc5 14. dxc5 N6d7 15. a3 Qb3 16. Qd2 Ne5 17. Bd1 Qe6 18. Kg2 Nc4 19. Qc1 Nxe3+ 20. Qxe3 Na6 21. Rc1 Rfd8 22. Bg4 Qb3 23. Nd1 Qxe3 24. fxe3 Rd2+ 25. Rf2 Rad8 26. b4 Nc7 27. h4 R8d3 28. a4 h5 29. Be2 Ra3 30. Nc3 Rxc3 31. Rcf1 Ra3 32. Kh3 Rxa4 33. Bc4 Rxf2 34. Rxf2 e6 35. Rd2 Rxb4 36. Rd8+ Bf8 37. Bd3 Rb3 38. Rd7 Na6 39. Bxa6 bxa6 40. Rxa7 Bxc5 41. Rxa6 Bxe3 42. Rxc6 Bf2 43. Kg2 Bxg3 44. Rc8+ Kg7 45. Rc2 Bxh4 0-1

[Event "Queens Festival Final-D 2022"]
[Site "Tornelo"]
[Date "2022.06.25"]
[Round "5.6"]
[White "Rozas Lazcano, Valeska"]
[Black "Shah, Riya"]
[Result "1-0"]
[ECO "C50"]
[WhiteElo "1551"]
[BlackElo "1559"]
[Annotator "NA RC"]
[PlyCount "113"]
[EventDate "2022.06.24"]
[EventType "tourn"]
[EventCountry "NET"]
[SourceTitle "playchess.com"]
[Source "ChessBase"]
[SourceQuality "1"]
[TimeControl "180+2"]

1. e4 e5 2. Nf3 Nc6 3. Bc4 Nd4 4. c3 Nxf3+ 5. Qxf3 Qf6 6. Qxf6 Nxf6 7. d3 c6 8. Bg5 Be7 9. Nd2 h6 10. Bh4 b5 11. Bb3 a5 12. a4 Bb7 13. Nf3 d6 14. O-O O-O 15. Rfe1 Rfe8 16. d4 exd4 17. cxd4 Nh7 18. Bg3 b4 19. Bc4 d5 20. exd5 cxd5 21. Bb5 Rec8 22. Rxe7 Bc6 23. Bxc6 Rxc6 24. Re2 Rac8 25. h3 Nf6 26. Ne5 R6c7 27. f3 Nh5 28. Bh2 Rc1+ 29. Rxc1 Rxc1+ 30. Kf2 f6 31. Nd3 Rc6 32. g4 Nf4 33. Bxf4 g5 34. Bb8 Rc8 35. Ba7 Ra8 36. Bc5 Kf7 37. b3 Kg6 38. f4 h5 39. f5+ Kh6 40. Be7 hxg4 41. hxg4 Kg7 42. Kf3 Rc8 43. Bc5 Rc7 44. Rh2 Kg8 45. Rh6 Kg7 46. Rg6+ Kf7 47. Ke3 Rc8 48. Rh6 Re8+ 49. Kf3 Re4 50. Bb6 Kg7 51. Rh1 Re7 52. Bxa5 Rc7 53. Bxb4 Rb7 54. a5 Rc7 55. a6 Ra7 56. Ra1 Kf7 57. Bc5 1-0